[Event "Live Chess"]
[Site "Chess.com"]
[Date "2020.06.02"]
[Round "?"]
[White "GOGIEFF"]
[Black "VincentKeymer"]
[Result "1/2-1/2"]
[ECO "D35"]
[WhiteElo "2961"]
[BlackElo "2787"]
[TimeControl "180+1"]
[EndTime "10:59:37 PDT"]
[Termination "Game drawn by repetition"]

1. d4 Nf6 2. c4 e6 3. Nc3 d5 4.
cxd5 Nxd5 5. e4 Nxc3 6. bxc3 c5 7. a3 g6 8. Nf3 Bg7 9. Be2 Nc6 10. Be3 O-O 11. O-O cxd4 12. cxd4 b6 13. h4 Bb7 14. h5 gxh5 15. Ra2 Ne7 16. Qb1 Rc8 17. Rd1 f5 18. Ng5 Bxe4 19. Nxe4 fxe4 20. Qxe4 Qd5 21. Qb1 Ng6 22. Bd3 Rc3 23. Rb2 Rfc8 24. Rb5 Qd7 25. Rxh5 Qf7 26. Be4 Rxa3 27. d5 Ra1 28. dxe6 Qc7 29.
Qb3 Qc4 30. Bd5 Qxb3 31. Bxb3 Rxd1+ 32. Bxd1 Rc3 33. Rd5 Bf6 34. Bh5 Nf8 35. Bf7+ Kg7 36. g4 h6 37. Rh5 Bg5 38. Bd4+ Bf6 39. Bxc3 Bxc3 40. Rf5 Bf6 41. Kg2 Be7 42. f4 a5 43.
Rb5 Bc5 44. f5 Kf6 45. Be8 a4 46. Rxc5 bxc5 47. Bxa4 Nh7 48. Kf3 Ke7 49. Kf4 Nf6 50. Bb3 c4 51. Bxc4 Kd6 52. Ba2 Ke7 53. g5 hxg5+ 54.
Kxg5 Ng8 55. Kg6 Nf6 56. Bc4 Ne8 57. Be2 Nf6 58. Bf3 Ne8 59. Bc6 Nf6 60. Kg5 Nh7+ 61. Kf4 Nf6 62. Ke5 Ng4+ 63. Kd5 Nf6+ 64. Ke5 Ng4+ 65.
Kf4 Nf6 66. Ke5 1/2-1/2

[Event "Live Chess"]
[Site "Chess.com"]
[Date "2020.06.02"]
[Round "?"]
[White "Sweafty"]
[Black "VincentKeymer"]
[Result "0-1"]
[ECO "A09"]
[WhiteElo "2508"]
[BlackElo "2766"]
[TimeControl "180+1"]
[EndTime "10:18:28 PDT"]
[Termination "VincentKeymer won by resignation"]

1. Nf3 d5 2. c4 d4 3. b4 Bg4 4. Qb3 Nf6 5. Ne5 Bf5 6. d3 Nbd7 7. Nf3 e5 8. g3 a5 9. b5 a4 10. Qd1 Bc5 11. Bg2 O-O 12. O-O Qc8 13. Ba3 Re8 14. Nh4 Be6 15. Qc1 h6 16. Nd2 Ra7 17. Nhf3 Bf5 18. Ne1 Qd8 19. Nc2 Qe7 20. Bxc5 Nxc5 21.
Nb4 Qd6 22. Nd5 Nfd7 23. Qb2 Raa8 24. a3 Rad8 25. Rab1 Nb6 26. Qb4 Nxd5 27. Bxd5 Re7 28. Bg2 b6 29. Rfe1 Rde8 30. Ne4 Bxe4 31. Bxe4 g6 32. Bd5 Kg7 33. Rf1 f5 34. Rbd1 Qf6 35. Bc6 Rd8 36. Qb2 Rd6 37. Bg2 e4 38. dxe4 fxe4 39.
f3 d3 40. Qxf6+ Rxf6 41. exd3 exd3 42. Rf2 Rfe6 43. Rfd2 Re1+ 44. Rxe1 Rxe1+ 45. Kf2 Ra1 46. f4 Rxa3 47. Ke3 Rb3 48. Ra2 a3 49. Bf1 Kf6 50.
g4 g5 51. fxg5+ hxg5 52. h3 Ke5 53. Bg2 Rb2 54. Rxa3 Rxg2 55. Ra7 d2 0-1

[Event "Live Chess"]
[Site "Chess.com"]
[Date "2020.06.02"]
[Round "?"]
[White "VincentKeymer"]
[Black "GHANDEEVAM2003"]
[Result "0-1"]
[ECO "A15"]
[WhiteElo "2794"]
[BlackElo "2963"]
[TimeControl "180+1"]
[EndTime "11:20:41 PDT"]
[Termination "GHANDEEVAM2003 won on time"]

1. Nf3 Nf6 2. c4 e6 3. Nc3 d5 4. e3 c6 5. b3 Bd6 6. Bb2 O-O 7. h3 a6 8. g4 b5 9. d4 Nbd7 10. Bg2 bxc4 11. bxc4 Rb8 12. Rb1 a5 13. O-O Ba6 14. Nd2 e5 15. Re1 exd4 16. exd4 dxc4 17. Bxc6 Qc7 18.
Bg2 Bf4 19. Nde4 Rfe8 20. Ba1 h6 21. d5 Be5 22. d6 Qa7 23. Nxf6+ Nxf6 24. Nd5 Nxd5 25.
Rxb8 Rxb8 26. Bxe5 Nb4 27. a3 Nd3 28. Re3 Rd8 29.
Bg3 Qc5 30. Be4 Qxa3 31. Qf3 Qa1+ 32. Kh2 Qf6 33. Bf5 g6 34. Be4 Rxd6 35. Bxd6 Qxd6+ 36. Qg3 Qxg3+ 37. Kxg3 a4 38. Bxd3 cxd3 39. Kf4 a3 40.
Re1 a2 41. Ke3 Kg7 0-1

[Event "Live Chess"]
[Site "Chess.com"]
[Date "2020.06.02"]
[Round "?"]
[White "mishanick"]
[Black "VincentKeymer"]
[Result "0-1"]
[ECO "D02"]
[WhiteElo "2944"]
[BlackElo "2799"]
[TimeControl "180+1"]
[EndTime "11:08:48 PDT"]
[Termination "VincentKeymer won by resignation"]

1. d4 Nf6 2. Nf3 d5 3. c4 e6 4.
Nc3 c5 5. cxd5 Nxd5 6. e4 Nxc3 7. bxc3 cxd4 8. cxd4 Bb4+ 9. Bd2 Bxd2+ 10. Qxd2 O-O 11. Bc4 Nd7 12. O-O b6 13. a4 Bb7 14.
Rfe1 Nf6 15. Bd3 h6 16. a5 bxa5 17. Rxa5 Qc7 18. h3 Rfc8 19. Rc5 Qd8 20. Ra5 Qc7 21.
Rb5 a5 22. Qb2 Ba6 23. Rc5 Qd8 24. Bxa6 Rxa6 25. Qb5 Raa8 26. Rxc8 Rxc8 27. Qa6 Rc2 28. Qb7 a4 29. Ra1 Qc7 30. Qxc7 Rxc7 31. e5 Ne4 32.
Rxa4 Rc1+ 33. Kh2 Nxf2 34. Ra2 Nd3 35. Kg3 Nb4 36. h4 Nxa2 0-1

[Event "Live Chess"]
[Site "Chess.com"]
[Date "2020.06.02"]
[Round "?"]
[White "VincentKeymer"]
[Black "FabianoCaruana"]
[Result "1-0"]
[ECO "A41"]
[WhiteElo "2783"]
[BlackElo "3000"]
[TimeControl "180+1"]
[EndTime "10:39:28 PDT"]
[Termination "VincentKeymer won by resignation"]

1. Nf3 d6 2. d4 Nf6 3. c4 g6 4. g3 Bf5 5. Bg2 c6 6. O-O Bg7 7. Nc3 Ne4 8. Qb3 Nxc3 9. bxc3 Bc8 10. e4 O-O 11. Be3 Nd7 12. a4 b6 13. a5 Ba6 14.
Nd2 Qc7 15. Ra2 b5 16. cxb5 Bxb5 17. Rb1 Rab8 18. Qa3 Bd3 19. Rxb8 Rxb8 20. c4 Be2 21. f4 c5 22. d5 Rb4 23. Kf2 Bxc4 24. Rc2 Bd3 25.
Qxd3 Qxa5 26. Nc4 Qb5 27. Bf1 a5 28. e5 Qa6 29. Qe4 dxe5 30. fxe5 Nxe5 31. Bxc5 Rb1 32. Nd2 Qf6+ 33. Kg2 Rd1 34. Bd4 a4 35. Bxe5 Qxe5 36.
Rc8+ 1-0

[Event "Live Chess"]
[Site "Chess.com"]
[Date "2020.06.02"]
[Round "?"]
[White "VincentKeymer"]
[Black "JiaHaoxiang"]
[Result "1-0"]
[ECO "A30"]
[WhiteElo "2770"]
[BlackElo "2564"]
[TimeControl "180+1"]
[EndTime "10:25:42 PDT"]
[Termination "VincentKeymer won by resignation"]

1. Nf3 c5 2. c4 b6 3. Nc3 Bb7 4. e4 d6 5. d4 cxd4 6. Nxd4 Nf6 7. f3 e6 8. Be3 a6 9. Be2 Nbd7 10. O-O Be7 11. a4 O-O 12. a5 bxa5 13. Nb3 Rb8 14. Nxa5 Qc7 15. Ba7 Ra8 16. Bd4 Rfb8 17. b4 Bc8 18.
Qa4 Nb6 19. Qc6 Ra7 20. c5 dxc5 21. Qxc7 Rxc7 22. Be5 Na8 23. Bxc7 Nxc7 24. Nc6 cxb4 25. Nxe7+ Kf8 26. Nxc8 bxc3 27. Nd6 Rb2 28. Bxa6 c2 29. Bd3 Nh5 30. Rfc1 Nf4 31. Rxc2 Nxd3 32. Rxc7 1-0

[Event "Live Chess"]
[Site "Chess.com"]
[Date "2020.06.02"]
[Round "?"]
[White "VincentKeymer"]
[Black "Orest_Vovk"]
[Result "1-0"]
[ECO "A15"]
[WhiteElo "2763"]
[BlackElo "2387"]
[TimeControl "180+1"]
[EndTime "10:06:59 PDT"]
[Termination "VincentKeymer won on time"]

1. Nf3 Nf6 2. c4 e6 3. Nc3 Nc6 4. d4 Bb4 5. e3 O-O 6. Bd3 d6 7. O-O Bxc3 8. bxc3 e5 9. Qc2 Re8 10. Ng5 h6 11. Ne4 Nd7 12. a4 f5 13. Nd2 e4 14. Be2 a5 15. Ba3 Nf6 16. c5 d5 17.
c4 Be6 18. Rab1 Rb8 19. Rb5 f4 20. Rfb1 dxc4 21. Bxc4 Nd5 22. Rxb7 Rxb7 23. Rxb7 fxe3 24. fxe3 Nxe3 25. Bxe6+ Rxe6 26. Qb3 Nd5 27. Qc4 e3 28. Nf3 e2 29. Rb1 Qf6 30. Qxd5 Nxd4 31. Nxd4 e1=Q+ 32. Rxe1 1-0